[ AOE2 MATCH · #458793407 ]
Team RMEthiopians vs Teutons
[ REPLAY ANALYSIS · EXTRACTED FROM THE RECORDED GAME ]
Feudal
10:34
Castle
19:33
Imperial
34:15
| APM avg | 25.8 |
| APM peak | 76 |
| eAPM avg | 14.8 |
| Villagers / military | 99 / 247 |
Focus
⚔️ 41.1% · 🌾 58.9%
Archer ×202 · Spearman ×24 · Shotel Warrior ×21
Feudal
11:38
Castle
24:19
Imperial
41:39
| APM avg | 22.5 |
| APM peak | 70 |
| eAPM avg | 14.9 |
| Villagers / military | 106 / 613 |
Focus
⚔️ 54.4% · 🌾 45.6%
Skirmisher ×218 · Mameluke ×209 · Camel Scout ×178 · Trade Cart ×21 · Spearman ×4 · Monk ×2
Feudal
11:12
Castle
18:22
Imperial
34:24
| APM avg | 42.1 |
| APM peak | 110 |
| eAPM avg | 17.7 |
| Villagers / military | 78 / 701 |
Focus
⚔️ 42.9% · 🌾 57.1%
Archer ×456 · Spearman ×140 · Skirmisher ×85 · Trade Cart ×31 · Berserk ×17 · Petard ×3
Feudal
11:51
Castle
21:01
Imperial
33:22
| APM avg | 14.7 |
| APM peak | 61 |
| eAPM avg | 10.5 |
| Villagers / military | 128 / 245 |
Focus
⚔️ 50.7% · 🌾 49.3%
Konnik ×236 · Trade Cart ×15 · Trebuchet (Packed) ×9
Feudal
10:40
Castle
15:31
Imperial
30:44
| APM avg | 30.1 |
| APM peak | 76 |
| eAPM avg | 17.3 |
| Villagers / military | 113 / 487 |
Focus
⚔️ 27.7% · 🌾 72.3%
Scout Cavalry ×211 · Spearman ×203 · Hand Cannoneer ×44 · Bombard Cannon ×19 · Conquistador ×7 · Trebuchet (Packed) ×2
Feudal
11:10
Castle
16:34
Imperial
30:59
| APM avg | 15.5 |
| APM peak | 61 |
| eAPM avg | 12.0 |
| Villagers / military | 107 / 602 |
Focus
⚔️ 39.9% · 🌾 60.1%
Spearman ×381 · Scorpion ×166 · Bombard Cannon ×27 · Teutonic Knight ×24 · Monk ×2 · Mangonel ×2
Feudal
10:24
Castle
15:46
Imperial
30:21
| APM avg | 25.6 |
| APM peak | 71 |
| eAPM avg | 16.0 |
| Villagers / military | 102 / 463 |
Focus
⚔️ 35.7% · 🌾 64.3%
Knight ×185 · Spearman ×159 · Scout Cavalry ×68 · Leitis ×31 · Trade Cart ×21 · Trebuchet (Packed) ×18
Feudal
11:48
Castle
22:11
Imperial
48:05
| APM avg | 19.3 |
| APM peak | 52 |
| eAPM avg | 11.7 |
| Villagers / military | 129 / 327 |
Focus
⚔️ 48.4% · 🌾 51.6%
Spearman ×207 · Hussite Wagon ×66 · Militia ×18 · Bombard Cannon ×18 · Trade Cart ×17 · Battering Ram ×13
Match map
Initial resources + every placement click. Lines = walls · curves = elevation contours. ◆ gold · ⬟ stone · ● berries · ✦ relic · ◌ wall gap
Your base· ✓ Closed at 19:33 · 0t walls · 2 gate(s)
Dostoyevski's base· ✓ Closed at 24:19 · 38t walls · 3 gate(s)
-20 confirm's base· ✓ Closed at 18:22 · 0t walls · 2 gate(s)
superpandaby's base· ✓ Closed at 21:01 · 0t walls · 2 gate(s)
250Bhej's base· ✓ Closed at 15:31 · 0t walls · 3 gate(s)
kayakaya's base· ✓ Closed at 16:34 · 0t walls · 3 gate(s)
Pratty's base· ✓ Closed at 15:46 · 0t walls · 2 gate(s)
^1ι^3ζα^1.'s base· ✓ Closed at 22:11 · 33t walls · 3 gate(s)
Smoothed initial terrain · ◌ = detected wall gap · hover for details
Inputs per minute
— dodo - - Dostoyevski
Build order — dodo
First 150 of 517 actions detected
| 0:01 | Create | Villager (Male) |
| 0:02 | Create | Villager (Male) |
| 0:02 | Create | Villager (Male) |
| 0:02 | Create | Villager (Male) |
| 0:02 | Create | Villager (Male) |
| 0:03 | Create | Villager (Male) |
| 0:04 | Build | House |
| 0:06 | Build | House |
| 1:27 | Create | Villager (Male) |
| 1:27 | Create | Villager (Male) |
| 1:52 | Build | Lumber Camp |
| 2:06 | Create | Villager (Male) |
| 2:25 | Create | Villager (Male) |
| 2:25 | Create | Villager (Male) |
| 2:54 | Create | Villager (Male) |
| 3:14 | Create | Villager (Male) |
| 3:14 | Create | Villager (Male) |
| 3:30 | Build | Mill |
| 3:46 | Create | Villager (Male) |
| 4:00 | Create | Villager (Male) |
| 4:01 | Create | Villager (Male) |
| 4:19 | Build | House |
| 4:37 | Research | Loom |
| 4:56 | Create | Villager (Male) |
| 4:56 | Create | Villager (Male) |
| 4:56 | Create | Villager (Male) |
| 5:48 | Create | Villager (Male) |
| 6:32 | Create | Villager (Male) |
| 6:32 | Create | Villager (Male) |
| 6:33 | Create | Villager (Male) |
| 6:33 | Create | Villager (Male) |
| 6:33 | Create | Villager (Male) |
| 6:33 | Create | Villager (Male) |
| 6:33 | Create | Villager (Male) |
| 6:49 | Build | Lumber Camp |
| 7:02 | Create | Villager (Male) |
| 7:02 | Create | Villager (Male) |
| 7:02 | Create | Villager (Male) |
| 7:02 | Create | Villager (Male) |
| 7:08 | Build | House |
| 7:35 | Create | Villager (Male) |
| 8:00 | Build | Mining Camp |
| 8:24 | Research | Feudal Age |
| 8:44 | Build | Mining Camp |
| 9:33 | Build | Barracks |
| 10:17 | Create | Villager (Male) |
| 10:18 | Create | Villager (Male) |
| 10:34 | Age | Feudal Age |
| 10:37 | Build | Blacksmith |
| 10:59 | Research | Double-Bit Axe |
| 11:05 | Research | Horse Collar |
| 11:34 | Build | Farm |
| 12:03 | Create | Villager (Male) |
| 12:03 | Create | Villager (Male) |
| 12:22 | Build | Farm |
| 12:23 | Build | Farm |
| 12:31 | Build | Farm |
| 12:47 | Build | House |
| 12:59 | Build | Market |
| 13:34 | Build | Farm |
| 13:39 | Create | Villager (Male) |
| 13:46 | Build | Farm |
| 13:59 | Build | Farm |
| 14:11 | Build | Farm |
| 14:44 | Build | House |
| 14:49 | Create | Villager (Male) |
| 14:49 | Create | Villager (Male) |
| 15:06 | Build | Archery Range |
| 15:29 | Create | Villager (Male) |
| 15:52 | Create | Spearman |
| 15:52 | Create | Spearman |
| 16:02 | Build | Farm |
| 16:03 | Build | Farm |
| 16:03 | Build | Farm |
| 16:03 | Build | Farm |
| 16:25 | Build | Farm |
| 16:44 | Create | Archer |
| 16:45 | Create | Archer |
| 16:53 | Research | Castle Age |
| 17:05 | Create | Archer |
| 17:05 | Create | Archer |
| 17:07 | Create | Archer |
| 17:15 | Build | House |
| 17:16 | Build | House |
| 17:44 | Research | Fletching |
| 18:20 | Build | House |
| 19:00 | Build | Mining Camp |
| 19:07 | Research | Padded Archer Armor |
| 19:33 | Age | Castle Age |
| 19:51 | Build | Castle |
| 20:02 | Create | Villager (Male) |
| 20:03 | Create | Villager (Male) |
| 20:03 | Create | Villager (Male) |
| 20:03 | Create | Villager (Male) |
| 20:09 | Research | Thumb Ring |
| 20:10 | Research | Crossbowman (upgrade) |
| 21:27 | Create | Archer |
| 21:27 | Create | Archer |
| 21:28 | Create | Archer |
| 21:29 | Create | Archer |
| 21:49 | Create | Villager (Male) |
| 21:50 | Create | Villager (Male) |
| 21:50 | Create | Villager (Male) |
| 22:09 | Research | Wheelbarrow |
| 23:18 | Create | Villager (Male) |
| 23:19 | Create | Villager (Male) |
| 23:19 | Create | Villager (Male) |
| 23:20 | Create | Villager (Male) |
| 23:48 | Research | Bodkin Arrow |
| 23:58 | Build | Farm |
| 24:07 | Research | Bow Saw |
| 25:20 | Build | Town Center |
| 25:30 | Create | Villager (Male) |
| 25:30 | Create | Villager (Male) |
| 25:31 | Create | Villager (Male) |
| 25:31 | Create | Villager (Male) |
| 25:31 | Create | Villager (Male) |
| 25:35 | Build | Farm |
| 25:36 | Build | Farm |
| 25:36 | Build | Farm |
| 25:36 | Build | Farm |
| 25:36 | Build | Farm |
| 26:11 | Research | Squires |
| 26:11 | Research | Arson |
| 26:26 | Create | Villager (Male) |
| 26:34 | Create | Villager (Male) |
| 26:34 | Create | Villager (Male) |
| 26:35 | Create | Villager (Male) |
| 26:35 | Create | Villager (Male) |
| 27:08 | Build | Farm |
| 27:12 | Create | Villager (Male) |
| 27:12 | Create | Villager (Male) |
| 27:12 | Create | Villager (Male) |
| 27:13 | Create | Villager (Male) |
| 27:13 | Create | Villager (Male) |
| 27:13 | Create | Villager (Male) |
| 27:21 | Build | Farm |
| 27:39 | Build | University |
| 27:42 | Build | Monastery |
| 27:49 | Build | Farm |
| 27:52 | Build | Farm |
| 28:10 | Build | Mill |
| 28:12 | Build | Farm |
| 28:13 | Build | Farm |
| 28:19 | Create | Villager (Male) |
| 28:20 | Create | Villager (Male) |
| 28:45 | Build | Farm |
| 28:47 | Research | Heavy Plow |
| 28:52 | Build | Farm |
| 28:56 | Build | Farm |
Build order — Dostoyevski
First 150 of 793 actions detected
| 0:11 | Build | House |
| 0:13 | Build | House |
| 0:14 | Build | House |
| 0:15 | Build | House |
| 0:17 | Create | Villager (Male) |
| 0:18 | Research | Loom |
| 0:18 | Create | Villager (Male) |
| 0:19 | Create | Villager (Male) |
| 0:19 | Create | Villager (Male) |
| 0:19 | Create | Villager (Male) |
| 2:09 | Create | Villager (Male) |
| 2:10 | Create | Villager (Male) |
| 2:16 | Build | Lumber Camp |
| 2:47 | Create | Villager (Male) |
| 3:11 | Create | Villager (Male) |
| 3:42 | Create | Villager (Male) |
| 3:52 | Create | Villager (Male) |
| 4:50 | Create | Villager (Male) |
| 4:56 | Create | Villager (Male) |
| 5:18 | Create | Villager (Male) |
| 6:33 | Create | Villager (Male) |
| 6:34 | Create | Villager (Male) |
| 6:34 | Create | Villager (Male) |
| 6:34 | Create | Villager (Male) |
| 6:59 | Build | Mill |
| 7:08 | Create | Villager (Male) |
| 7:30 | Build | Mill |
| 8:53 | Create | Villager (Male) |
| 9:13 | Build | Mining Camp |
| 9:23 | Build | Mining Camp |
| 9:28 | Research | Feudal Age |
| 9:34 | Build | House |
| 9:36 | Build | House |
| 9:37 | Build | House |
| 9:59 | Build | Mining Camp |
| 11:04 | Build | Barracks |
| 11:37 | Create | Villager (Male) |
| 11:37 | Create | Villager (Male) |
| 11:37 | Create | Villager (Male) |
| 11:38 | Age | Feudal Age |
| 11:55 | Research | Wheelbarrow |
| 12:01 | Research | Double-Bit Axe |
| 12:11 | Create | Spearman |
| 12:11 | Create | Spearman |
| 12:30 | Build | Stone Wall |
| 12:32 | Build | Stone Wall |
| 12:35 | Build | Stone Wall |
| 12:44 | Build | Stone Wall |
| 13:52 | Create | Spearman |
| 13:57 | Create | Villager (Male) |
| 13:57 | Create | Villager (Male) |
| 14:39 | Create | Spearman |
| 15:18 | Build | Market |
| 15:23 | Build | House |
| 15:25 | Create | Villager (Male) |
| 15:26 | Create | Villager (Male) |
| 15:37 | Build | Stone Wall |
| 16:13 | Build | Stone Wall |
| 16:15 | Create | Villager (Male) |
| 16:21 | Create | Villager (Male) |
| 17:08 | Build | Farm |
| 17:10 | Build | Farm |
| 17:11 | Build | Farm |
| 17:13 | Build | Farm |
| 17:14 | Build | Farm |
| 17:17 | Build | Farm |
| 17:19 | Build | Farm |
| 17:23 | Create | Villager (Male) |
| 17:24 | Create | Villager (Male) |
| 17:32 | Build | Farm |
| 17:33 | Build | Farm |
| 17:45 | Build | Farm |
| 17:48 | Create | Villager (Male) |
| 18:21 | Build | House |
| 18:30 | Create | Villager (Male) |
| 19:08 | Create | Villager (Male) |
| 19:17 | Build | Farm |
| 19:19 | Build | Farm |
| 19:22 | Build | Farm |
| 19:25 | Create | Villager (Male) |
| 19:28 | Create | Villager (Male) |
| 19:32 | Create | Villager (Male) |
| 19:35 | Build | House |
| 20:11 | Build | House |
| 20:43 | Build | Blacksmith |
| 21:39 | Research | Castle Age |
| 22:00 | Build | Lumber Camp |
| 22:11 | Build | Stable |
| 22:41 | Create | Villager (Male) |
| 22:41 | Create | Villager (Male) |
| 23:04 | Research | Bloodlines |
| 23:46 | Research | Forging |
| 24:19 | Age | Castle Age |
| 24:24 | Build | Castle |
| 24:29 | Create | Villager (Male) |
| 24:30 | Create | Villager (Male) |
| 24:31 | Research | Hand Cart |
| 24:53 | Build | Town Center |
| 25:14 | Build | Town Center |
| 25:26 | Build | Farm |
| 25:28 | Create | Villager (Male) |
| 25:46 | Build | Farm |
| 25:49 | Create | Villager (Male) |
| 26:07 | Create | Villager (Male) |
| 26:07 | Create | Villager (Male) |
| 26:08 | Create | Villager (Male) |
| 26:14 | Build | Farm |
| 26:19 | Create | Villager (Male) |
| 26:22 | Research | Bow Saw |
| 26:25 | Research | Horse Collar |
| 26:32 | Create | Mameluke |
| 26:32 | Create | Mameluke |
| 26:32 | Create | Mameluke |
| 26:33 | Create | Mameluke |
| 26:33 | Create | Mameluke |
| 26:41 | Build | Mining Camp |
| 26:46 | Create | Villager (Male) |
| 26:52 | Create | Villager (Male) |
| 26:53 | Create | Villager (Male) |
| 26:53 | Create | Villager (Male) |
| 27:10 | Build | Town Center |
| 27:21 | Create | Villager (Male) |
| 27:27 | Build | Farm |
| 27:31 | Create | Villager (Male) |
| 27:43 | Create | Villager (Male) |
| 27:44 | Create | Villager (Male) |
| 27:56 | Create | Villager (Male) |
| 27:57 | Create | Villager (Male) |
| 28:00 | Build | Farm |
| 28:17 | Build | Farm |
| 28:22 | Research | Heavy Plow |
| 28:26 | Build | Farm |
| 28:29 | Create | Villager (Male) |
| 28:30 | Create | Villager (Male) |
| 28:37 | Create | Villager (Male) |
| 28:56 | Build | Farm |
| 28:58 | Create | Villager (Male) |
| 28:59 | Create | Villager (Male) |
| 29:06 | Build | Farm |
| 29:38 | Create | Villager (Male) |
| 29:38 | Create | Villager (Male) |
| 29:40 | Create | Villager (Male) |
| 29:41 | Create | Villager (Male) |
| 29:42 | Create | Villager (Male) |
| 29:43 | Create | Villager (Male) |
| 29:48 | Build | Farm |
| 29:53 | Build | Farm |
| 29:55 | Create | Villager (Male) |
| 29:56 | Create | Villager (Male) |
| 29:59 | Create | Villager (Male) |
Build order — -20 confirm
First 150 of 360 actions detected
| 0:02 | Build | House |
| 0:03 | Build | House |
| 0:05 | Create | Villager (Male) ×4 |
| 1:49 | Create | Villager (Male) |
| 1:49 | Create | Villager (Male) |
| 2:01 | Build | Lumber Camp |
| 2:08 | Create | Villager (Male) |
| 2:09 | Create | Villager (Male) |
| 2:39 | Create | Villager (Male) |
| 2:40 | Create | Villager (Male) |
| 2:56 | Create | Villager (Male) |
| 2:57 | Create | Villager (Male) |
| 3:15 | Create | Villager (Male) |
| 3:15 | Create | Villager (Male) |
| 3:38 | Create | Villager (Male) |
| 3:39 | Create | Villager (Male) |
| 4:00 | Build | House |
| 4:06 | Build | Mill |
| 4:11 | Create | Villager (Male) |
| 4:11 | Create | Villager (Male) |
| 4:39 | Create | Villager (Male) |
| 5:14 | Create | Villager (Male) |
| 5:34 | Create | Villager (Male) |
| 5:49 | Create | Villager (Male) |
| 5:50 | Create | Villager (Male) |
| 5:58 | Build | House |
| 6:05 | Create | Villager (Male) |
| 6:15 | Create | Villager (Male) |
| 6:15 | Create | Villager (Male) |
| 6:45 | Create | Villager (Male) |
| 7:19 | Create | Villager (Male) |
| 7:29 | Build | Mining Camp |
| 7:56 | Research | Loom |
| 9:02 | Research | Feudal Age |
| 10:53 | Create | Villager (Male) ×5 |
| 11:01 | Build | House |
| 11:12 | Age | Feudal Age |
| 11:30 | Build | Farm |
| 11:31 | Build | Farm |
| 11:31 | Build | Farm |
| 11:31 | Build | Farm |
| 11:31 | Build | Farm |
| 11:32 | Build | Farm |
| 11:32 | Build | Farm |
| 11:46 | Build | Mining Camp |
| 11:50 | Create | Villager (Male) |
| 12:20 | Create | Villager (Male) |
| 12:55 | Create | Villager (Male) |
| 13:25 | Build | Market |
| 13:31 | Build | Blacksmith |
| 13:55 | Build | House |
| 15:42 | Research | Castle Age |
| 15:56 | Build | Barracks |
| 16:40 | Build | Farm |
| 16:40 | Build | Farm |
| 16:41 | Build | Farm |
| 16:41 | Build | Farm |
| 16:52 | Create | Spearman |
| 16:53 | Create | Spearman |
| 16:54 | Create | Spearman |
| 17:04 | Build | House |
| 17:05 | Build | House |
| 17:18 | Create | Villager (Male) ×4 |
| 17:44 | Create | Spearman |
| 17:44 | Create | Spearman |
| 17:57 | Build | House |
| 18:22 | Age | Castle Age |
| 18:40 | Build | Castle |
| 19:17 | Build | Town Center |
| 19:21 | Create | Villager (Male) |
| 19:21 | Create | Villager (Male) |
| 19:21 | Create | Villager (Male) |
| 19:42 | Research | Gold Mining |
| 19:54 | Create | Villager (Male) |
| 20:31 | Build | Mill |
| 20:40 | Create | Berserk ×5 |
| 20:40 | Create | Berserk ×5 |
| 21:09 | Research | Forging |
| 21:26 | Research | Arson |
| 21:26 | Research | Squires |
| 21:30 | Create | Villager (Male) |
| 21:39 | Build | Farm |
| 21:40 | Build | Farm |
| 21:40 | Build | Farm |
| 21:40 | Build | Farm |
| 21:53 | Create | Berserk |
| 21:53 | Create | Berserk |
| 22:13 | Build | Farm |
| 22:14 | Build | Farm |
| 22:14 | Build | Farm |
| 22:15 | Build | Farm |
| 22:21 | Create | Villager (Male) |
| 22:29 | Create | Villager (Male) ×3 |
| 22:54 | Research | Horse Collar |
| 23:28 | Create | Petard |
| 23:28 | Create | Petard |
| 23:29 | Create | Petard |
| 23:43 | Create | Villager (Male) ×3 |
| 23:48 | Create | Villager (Male) |
| 23:54 | Research | Double-Bit Axe |
| 24:30 | Create | Berserk |
| 24:31 | Create | Berserk |
| 24:57 | Create | Villager (Male) ×5 |
| 25:32 | Build | Farm |
| 25:33 | Build | Farm |
| 25:52 | Create | Villager (Male) ×5 |
| 25:59 | Research | Bow Saw |
| 26:03 | Create | Villager (Male) |
| 26:03 | Create | Villager (Male) |
| 26:48 | Create | Villager (Male) ×5 |
| 26:55 | Build | Farm |
| 26:55 | Build | Farm |
| 26:55 | Build | Farm |
| 26:55 | Build | Farm |
| 26:56 | Build | Farm |
| 26:56 | Build | Farm |
| 27:02 | Create | Villager (Male) ×3 |
| 27:30 | Research | Iron Casting |
| 27:30 | Research | Scale Mail Armor |
| 27:42 | Build | Archery Range |
| 27:43 | Build | Archery Range |
| 27:44 | Build | Archery Range |
| 27:47 | Build | Archery Range |
| 27:58 | Build | House |
| 28:00 | Build | House |
| 28:45 | Build | House |
| 28:46 | Build | House |
| 28:47 | Build | House |
| 28:49 | Build | House |
| 29:02 | Build | Archery Range |
| 29:03 | Build | Archery Range |
| 29:11 | Research | Crossbowman (upgrade) |
| 29:44 | Build | Archery Range |
| 29:49 | Create | Archer ×5 |
| 29:49 | Create | Archer ×5 |
| 29:49 | Create | Archer ×3 |
| 30:04 | Create | Berserk |
| 30:04 | Create | Berserk |
| 30:04 | Create | Berserk |
| 30:36 | Build | University |
| 30:56 | Build | Mining Camp |
| 31:14 | Research | Imperial Age |
| 31:33 | Build | Farm |
| 31:33 | Build | Farm |
| 31:33 | Build | Farm |
| 31:33 | Build | Farm |
| 31:34 | Build | Farm |
| 31:37 | Create | Villager (Male) ×5 |
| 31:45 | Build | Lumber Camp |
| 31:51 | Create | Archer ×5 |
Build order — superpandaby
First 150 of 511 actions detected
| 0:13 | Build | House |
| 0:16 | Create | Villager (Male) |
| 0:16 | Create | Villager (Male) |
| 0:16 | Create | Villager (Male) |
| 0:17 | Create | Villager (Male) |
| 0:17 | Create | Villager (Male) |
| 1:01 | Build | House |
| 1:05 | Build | House |
| 1:09 | Build | House |
| 1:33 | Create | Villager (Male) |
| 1:33 | Create | Villager (Male) |
| 2:29 | Create | Villager (Male) |
| 2:49 | Create | Villager (Male) |
| 3:08 | Create | Villager (Male) |
| 3:40 | Create | Villager (Male) |
| 3:40 | Create | Villager (Male) |
| 3:57 | Build | Mill |
| 4:09 | Create | Villager (Male) |
| 4:09 | Create | Villager (Male) |
| 4:41 | Create | Villager (Male) |
| 5:00 | Create | Villager (Male) |
| 5:22 | Create | Villager (Male) |
| 5:22 | Create | Villager (Male) |
| 5:51 | Create | Villager (Male) |
| 5:51 | Create | Villager (Male) |
| 6:44 | Create | Villager (Male) |
| 6:44 | Create | Villager (Male) |
| 6:44 | Create | Villager (Male) |
| 7:29 | Create | Villager (Male) |
| 7:29 | Create | Villager (Male) |
| 7:37 | Build | Lumber Camp |
| 7:59 | Create | Villager (Male) |
| 9:41 | Research | Feudal Age |
| 10:38 | Build | Mining Camp |
| 10:49 | Build | House |
| 10:53 | Build | House |
| 10:56 | Build | House |
| 11:01 | Build | House |
| 11:10 | Build | Barracks |
| 11:22 | Create | Villager (Male) |
| 11:22 | Create | Villager (Male) |
| 11:51 | Age | Feudal Age |
| 11:57 | Research | Double-Bit Axe |
| 12:00 | Research | Horse Collar |
| 12:21 | Create | Villager (Male) |
| 12:21 | Create | Villager (Male) |
| 12:21 | Create | Villager (Male) |
| 12:37 | Build | Farm |
| 12:56 | Create | Villager (Male) |
| 13:04 | Build | Farm |
| 13:19 | Create | Villager (Male) |
| 13:27 | Build | Farm |
| 13:42 | Build | Stable |
| 13:47 | Build | Blacksmith |
| 13:56 | Build | Farm |
| 14:04 | Create | Villager (Male) |
| 14:04 | Create | Villager (Male) |
| 14:04 | Create | Villager (Male) |
| 14:16 | Build | Farm |
| 14:44 | Build | Farm |
| 14:50 | Build | Farm |
| 14:55 | Build | Farm |
| 15:02 | Build | Farm |
| 15:05 | Build | Farm |
| 15:10 | Build | Farm |
| 15:14 | Build | Farm |
| 15:18 | Build | Farm |
| 15:25 | Build | Farm |
| 15:30 | Build | Farm |
| 15:43 | Build | Farm |
| 16:01 | Build | Farm |
| 16:07 | Build | Farm |
| 16:12 | Create | Villager (Male) |
| 16:12 | Create | Villager (Male) |
| 16:15 | Create | Villager (Male) |
| 16:15 | Create | Villager (Male) |
| 16:46 | Build | Farm |
| 17:09 | Build | Mining Camp |
| 17:35 | Build | Farm |
| 17:56 | Create | Villager (Male) |
| 18:15 | Research | Castle Age |
| 18:38 | Research | Stone Mining |
| 18:43 | Research | Gold Mining |
| 18:53 | Research | Fletching |
| 19:11 | Research | Arson |
| 19:19 | Research | Scale Barding Armor |
| 19:36 | Research | Bloodlines |
| 19:51 | Research | Forging |
| 20:02 | Research | Scale Mail Armor |
| 20:49 | Create | Villager (Male) |
| 20:50 | Create | Villager (Male) |
| 20:50 | Create | Villager (Male) |
| 21:01 | Age | Castle Age |
| 21:13 | Build | Town Center |
| 21:22 | Create | Villager (Male) |
| 21:22 | Create | Villager (Male) |
| 21:22 | Create | Villager (Male) |
| 21:28 | Research | Bow Saw |
| 21:30 | Research | Heavy Plow |
| 22:03 | Build | Krepost |
| 23:10 | Build | Krepost |
| 23:25 | Create | Villager (Male) |
| 23:25 | Create | Villager (Male) |
| 23:26 | Create | Villager (Male) |
| 23:26 | Create | Villager (Male) |
| 23:26 | Create | Villager (Male) |
| 23:26 | Create | Villager (Male) |
| 23:27 | Create | Villager (Male) |
| 23:27 | Create | Villager (Male) |
| 23:27 | Create | Villager (Male) |
| 23:57 | Build | University |
| 24:15 | Create | Villager (Male) |
| 24:15 | Create | Villager (Male) |
| 24:16 | Create | Villager (Male) |
| 24:16 | Create | Villager (Male) |
| 24:16 | Create | Villager (Male) |
| 24:39 | Create | Konnik |
| 24:39 | Create | Konnik |
| 24:39 | Create | Konnik |
| 24:39 | Create | Konnik |
| 25:01 | Research | Stone Shaft Mining |
| 25:03 | Research | Ballistics |
| 25:03 | Research | Murder Holes |
| 25:33 | Research | Masonry |
| 25:40 | Research | Husbandry |
| 26:12 | Build | Town Center |
| 26:28 | Create | Konnik |
| 26:28 | Create | Konnik |
| 26:29 | Create | Konnik |
| 26:29 | Create | Konnik |
| 27:02 | Research | Gold Shaft Mining |
| 27:12 | Create | Villager (Male) |
| 27:12 | Create | Villager (Male) |
| 27:12 | Create | Villager (Male) |
| 27:13 | Create | Villager (Male) |
| 27:13 | Create | Villager (Male) |
| 27:14 | Create | Villager (Male) |
| 28:00 | Create | Villager (Male) |
| 28:00 | Create | Villager (Male) |
| 28:00 | Create | Villager (Male) |
| 28:01 | Create | Villager (Male) |
| 28:01 | Create | Villager (Male) |
| 28:48 | Build | Krepost |
| 29:00 | Create | Villager (Male) |
| 29:00 | Create | Villager (Male) |
| 29:15 | Build | House |
| 29:18 | Build | House |
| 29:21 | Build | House |
| 29:26 | Build | House |
| 30:07 | Build | Mining Camp |
Build order — 250Bhej
First 150 of 473 actions detected
| 0:03 | Build | House |
| 0:04 | Build | House |
| 0:06 | Create | Villager (Male) ×4 |
| 1:26 | Create | Villager (Male) |
| 2:15 | Create | Villager (Male) |
| 2:16 | Create | Villager (Male) |
| 2:29 | Build | Lumber Camp |
| 2:53 | Create | Villager (Male) |
| 2:53 | Create | Villager (Male) |
| 3:15 | Create | Villager (Male) |
| 3:15 | Create | Villager (Male) |
| 3:15 | Create | Villager (Male) |
| 4:00 | Create | Villager (Male) |
| 4:00 | Create | Villager (Male) |
| 4:01 | Create | Villager (Male) |
| 4:06 | Build | House |
| 4:30 | Build | Mill |
| 4:36 | Create | Villager (Male) |
| 4:36 | Create | Villager (Male) |
| 5:04 | Create | Villager (Male) |
| 5:05 | Create | Villager (Male) |
| 5:05 | Create | Villager (Male) |
| 5:05 | Create | Villager (Male) |
| 5:11 | Build | House |
| 5:35 | Create | Villager (Male) |
| 5:35 | Create | Villager (Male) |
| 5:35 | Create | Villager (Male) |
| 6:21 | Create | Villager (Male) |
| 6:21 | Create | Villager (Male) |
| 7:30 | Build | Mining Camp |
| 8:30 | Research | Feudal Age |
| 10:40 | Age | Feudal Age |
| 10:54 | Build | Market |
| 11:04 | Create | Villager (Male) |
| 11:13 | Build | Blacksmith |
| 11:30 | Research | Loom |
| 11:42 | Create | Villager (Male) |
| 12:17 | Build | House |
| 12:20 | Build | House |
| 12:21 | Build | House |
| 12:51 | Research | Castle Age |
| 12:58 | Build | Farm |
| 12:59 | Build | Farm |
| 12:59 | Build | Farm |
| 13:00 | Build | Farm |
| 13:01 | Build | Farm |
| 13:02 | Build | Farm |
| 14:09 | Research | Double-Bit Axe |
| 14:30 | Build | Barracks |
| 14:59 | Research | Horse Collar |
| 15:12 | Create | Villager (Male) |
| 15:12 | Create | Villager (Male) |
| 15:31 | Age | Castle Age |
| 15:33 | Build | Farm |
| 15:43 | Build | Farm |
| 16:03 | Research | Squires |
| 16:04 | Research | Pikeman (upgrade) |
| 16:07 | Research | Pikeman (upgrade) |
| 16:18 | Build | Monastery |
| 16:20 | Build | House |
| 16:26 | Create | Villager (Male) |
| 16:45 | Research | Squires |
| 17:00 | Create | Villager (Male) |
| 17:16 | Create | Villager (Male) |
| 17:29 | Create | Spearman |
| 17:30 | Create | Spearman |
| 17:30 | Create | Spearman |
| 17:55 | Research | Gambesons |
| 18:03 | Build | Farm |
| 18:04 | Build | Farm |
| 18:15 | Build | Town Center |
| 18:24 | Create | Villager (Male) |
| 18:28 | Create | Monk |
| 18:53 | Build | House |
| 19:07 | Create | Villager (Male) |
| 19:11 | Create | Villager (Male) |
| 19:15 | Create | Villager (Male) |
| 19:17 | Create | Villager (Male) |
| 19:24 | Create | Villager (Male) |
| 19:32 | Create | Spearman |
| 19:44 | Build | House |
| 19:58 | Build | Farm |
| 20:10 | Build | Farm |
| 20:11 | Create | Villager (Male) |
| 20:12 | Create | Villager (Male) |
| 20:30 | Build | Farm |
| 20:59 | Build | Farm |
| 21:00 | Create | Villager (Male) |
| 21:02 | Create | Villager (Male) |
| 21:07 | Research | Heavy Plow |
| 21:15 | Build | Farm |
| 21:27 | Create | Spearman |
| 21:28 | Create | Spearman |
| 21:37 | Build | Farm |
| 21:40 | Create | Villager (Male) |
| 21:46 | Build | Mining Camp |
| 21:48 | Create | Villager (Male) |
| 21:48 | Create | Villager (Male) |
| 21:49 | Create | Villager (Male) |
| 22:05 | Create | Spearman |
| 22:06 | Create | Spearman |
| 22:10 | Build | Farm |
| 22:21 | Build | House |
| 22:21 | Build | House |
| 22:21 | Build | House |
| 22:22 | Build | House |
| 22:26 | Create | Villager (Male) |
| 22:27 | Create | Villager (Male) |
| 22:27 | Create | Villager (Male) |
| 22:35 | Create | Villager (Male) |
| 22:51 | Research | Gold Mining |
| 22:51 | Research | Stone Mining |
| 23:15 | Build | Farm |
| 23:18 | Create | Villager (Male) |
| 23:19 | Create | Villager (Male) |
| 23:29 | Create | Villager (Male) |
| 23:58 | Create | Villager (Male) |
| 24:02 | Build | Farm |
| 24:13 | Build | Lumber Camp |
| 24:19 | Research | Stone Mining |
| 24:24 | Build | Farm |
| 25:03 | Build | Farm |
| 25:10 | Build | Barracks |
| 25:13 | Build | Barracks |
| 25:16 | Research | Arson |
| 25:25 | Create | Villager (Male) |
| 25:25 | Create | Villager (Male) |
| 25:26 | Create | Villager (Male) |
| 25:55 | Build | Farm |
| 26:08 | Build | Farm |
| 26:25 | Build | Farm |
| 26:32 | Create | Villager (Male) |
| 26:33 | Create | Villager (Male) |
| 26:39 | Create | Villager (Male) |
| 26:54 | Build | University |
| 27:34 | Research | Imperial Age |
| 27:34 | Research | Imperial Age |
| 27:36 | Research | Wheelbarrow |
| 27:50 | Create | Villager (Male) |
| 27:50 | Create | Villager (Male) |
| 27:50 | Create | Villager (Male) |
| 28:25 | Build | Castle |
| 28:55 | Research | Forging |
| 28:56 | Research | Scale Mail Armor |
| 29:07 | Research | Bow Saw |
| 29:21 | Research | Murder Holes |
| 29:34 | Research | Masonry |
| 29:43 | Build | House |
| 29:43 | Build | House |
| 29:43 | Build | House |
Build order — kayakaya
First 150 of 438 actions detected
| 0:03 | Create | Villager (Male) |
| 0:03 | Create | Villager (Male) |
| 0:04 | Create | Villager (Male) |
| 0:04 | Create | Villager (Male) |
| 0:04 | Create | Villager (Male) |
| 0:07 | Build | House |
| 0:12 | Build | House |
| 1:28 | Create | Villager (Male) |
| 2:04 | Create | Villager (Male) |
| 2:17 | Build | Lumber Camp |
| 2:21 | Create | Villager (Male) |
| 2:41 | Create | Villager (Male) |
| 3:02 | Create | Villager (Male) |
| 3:36 | Create | Villager (Male) |
| 3:55 | Create | Villager (Male) |
| 4:02 | Build | House |
| 4:05 | Build | House |
| 4:46 | Create | Villager (Male) |
| 4:52 | Build | Mill |
| 5:14 | Create | Villager (Male) |
| 5:40 | Create | Villager (Male) |
| 5:41 | Create | Villager (Male) |
| 5:42 | Create | Villager (Male) |
| 6:37 | Create | Villager (Male) |
| 6:49 | Create | Villager (Male) |
| 6:57 | Create | Villager (Male) |
| 7:25 | Create | Villager (Male) |
| 7:45 | Create | Villager (Male) |
| 8:42 | Build | Mining Camp |
| 8:50 | Research | Feudal Age |
| 9:17 | Build | Barracks |
| 9:23 | Build | House |
| 9:25 | Build | House |
| 9:44 | Build | Farm |
| 9:45 | Build | Farm |
| 9:46 | Build | Farm |
| 9:47 | Build | Farm |
| 9:53 | Create | Villager (Male) |
| 9:54 | Create | Villager (Male) |
| 11:10 | Age | Feudal Age |
| 11:18 | Build | Blacksmith |
| 11:26 | Build | Stable |
| 11:39 | Create | Villager (Male) |
| 11:58 | Build | House |
| 12:06 | Build | House |
| 12:15 | Create | Villager (Male) |
| 12:20 | Build | Farm |
| 12:21 | Build | Farm |
| 12:54 | Create | Villager (Male) |
| 12:54 | Create | Villager (Male) |
| 13:02 | Build | Farm |
| 13:04 | Build | Farm |
| 13:36 | Build | House |
| 13:54 | Research | Castle Age |
| 14:24 | Build | Barracks |
| 15:07 | Research | Horse Collar |
| 15:09 | Research | Double-Bit Axe |
| 15:14 | Research | Gold Mining |
| 15:20 | Create | Villager (Male) |
| 15:41 | Build | Barracks |
| 15:55 | Build | Mining Camp |
| 16:19 | Create | Villager (Male) |
| 16:20 | Research | Wheelbarrow |
| 16:34 | Age | Castle Age |
| 16:43 | Build | House |
| 16:55 | Build | Town Center |
| 17:01 | Create | Villager (Male) |
| 17:27 | Create | Villager (Male) |
| 17:32 | Build | House |
| 17:38 | Create | Villager (Male) |
| 17:49 | Build | Town Center |
| 17:56 | Create | Villager (Male) |
| 18:20 | Create | Villager (Male) |
| 18:21 | Create | Villager (Male) |
| 18:21 | Create | Villager (Male) |
| 18:50 | Build | Monastery |
| 18:57 | Create | Villager (Male) |
| 18:59 | Create | Villager (Male) |
| 19:04 | Create | Villager (Male) |
| 19:23 | Create | Villager (Male) |
| 19:37 | Build | Siege Workshop |
| 19:44 | Create | Villager (Male) |
| 19:58 | Create | Villager (Male) |
| 20:01 | Create | Monk |
| 20:14 | Build | House |
| 20:17 | Build | House |
| 20:18 | Build | House |
| 20:20 | Build | House |
| 20:22 | Build | House |
| 20:23 | Build | House |
| 20:29 | Create | Villager (Male) |
| 20:29 | Create | Villager (Male) |
| 20:40 | Create | Villager (Male) |
| 20:50 | Build | Farm |
| 20:50 | Build | Farm |
| 20:51 | Build | Farm |
| 20:52 | Build | Farm |
| 20:53 | Build | Farm |
| 20:54 | Build | Farm |
| 20:55 | Build | Farm |
| 20:56 | Build | Farm |
| 20:58 | Build | Farm |
| 21:18 | Create | Villager (Male) |
| 21:18 | Create | Villager (Male) |
| 21:19 | Create | Villager (Male) |
| 21:23 | Research | Loom |
| 21:36 | Create | Villager (Male) |
| 21:37 | Create | Villager (Male) |
| 21:56 | Build | Farm |
| 21:57 | Build | Farm |
| 21:58 | Build | Farm |
| 21:59 | Build | Farm |
| 22:00 | Build | Farm |
| 22:05 | Create | Villager (Male) |
| 22:06 | Create | Villager (Male) |
| 22:11 | Create | Villager (Male) |
| 22:19 | Create | Villager (Male) |
| 22:34 | Create | Mangonel |
| 22:36 | Create | Mangonel |
| 22:50 | Create | Villager (Male) |
| 22:50 | Create | Villager (Male) |
| 22:50 | Create | Villager (Male) |
| 22:55 | Create | Villager (Male) |
| 22:55 | Create | Villager (Male) |
| 23:04 | Create | Villager (Male) |
| 23:04 | Create | Villager (Male) |
| 23:12 | Create | Villager (Male) |
| 23:22 | Create | Villager (Male) |
| 23:26 | Create | Villager (Male) |
| 23:27 | Create | Villager (Male) |
| 23:27 | Create | Villager (Male) |
| 23:45 | Create | Villager (Male) |
| 23:48 | Create | Villager (Male) |
| 23:59 | Build | Farm |
| 24:02 | Build | Farm |
| 24:03 | Build | Farm |
| 24:04 | Build | Farm |
| 24:05 | Build | Farm |
| 24:30 | Build | Castle |
| 24:45 | Build | Siege Workshop |
| 24:52 | Build | Stable |
| 25:16 | Create | Villager (Male) |
| 25:16 | Create | Villager (Male) |
| 25:16 | Create | Villager (Male) |
| 25:16 | Create | Villager (Male) |
| 25:19 | Create | Villager (Male) |
| 25:19 | Create | Villager (Male) |
| 25:19 | Create | Villager (Male) |
| 25:21 | Create | Villager (Male) |
| 25:22 | Create | Villager (Male) |
Build order — Pratty
First 150 of 384 actions detected
| 0:05 | Build | House |
| 0:06 | Build | House |
| 0:07 | Build | House |
| 0:09 | Build | House |
| 0:11 | Create | Villager (Male) ×5 |
| 1:19 | Create | Villager (Male) |
| 2:06 | Create | Villager (Male) |
| 2:08 | Research | Loom |
| 2:46 | Create | Villager (Male) |
| 3:06 | Build | Lumber Camp |
| 3:11 | Create | Villager (Male) |
| 3:11 | Create | Villager (Male) |
| 4:13 | Create | Villager (Male) |
| 4:14 | Create | Villager (Male) |
| 4:27 | Create | Villager (Male) |
| 5:20 | Create | Villager (Male) |
| 5:55 | Build | Mill |
| 6:18 | Create | Villager (Male) |
| 6:52 | Create | Villager (Male) |
| 7:18 | Create | Villager (Male) |
| 7:25 | Build | Mining Camp |
| 7:42 | Create | Villager (Male) |
| 8:14 | Research | Feudal Age |
| 8:14 | Research | Feudal Age |
| 8:43 | Build | House |
| 8:44 | Build | House |
| 10:24 | Age | Feudal Age |
| 10:34 | Build | Market |
| 10:40 | Build | Blacksmith |
| 10:43 | Create | Villager (Male) |
| 10:51 | Build | Farm |
| 11:02 | Build | Farm |
| 11:09 | Create | Villager (Male) |
| 11:20 | Build | Farm |
| 11:35 | Build | Farm |
| 11:58 | Create | Villager (Male) |
| 12:15 | Build | Farm |
| 12:32 | Create | Villager (Male) |
| 12:58 | Build | Farm |
| 13:06 | Research | Castle Age |
| 13:12 | Build | Farm |
| 13:34 | Build | Mining Camp |
| 13:37 | Research | Double-Bit Axe |
| 14:19 | Create | Villager (Male) |
| 14:20 | Create | Villager (Male) |
| 14:54 | Research | Horse Collar |
| 15:46 | Age | Castle Age |
| 15:54 | Build | Monastery |
| 15:58 | Create | Villager (Male) |
| 16:23 | Build | Town Center |
| 17:00 | Create | Monk |
| 17:10 | Build | House |
| 17:11 | Build | House |
| 17:12 | Build | House |
| 17:16 | Create | Villager (Male) |
| 17:17 | Create | Villager (Male) |
| 17:17 | Create | Villager (Male) |
| 17:18 | Create | Villager (Male) |
| 17:30 | Build | Farm |
| 17:32 | Build | Farm |
| 18:06 | Create | Villager (Male) |
| 18:06 | Create | Villager (Male) |
| 18:06 | Create | Villager (Male) |
| 18:07 | Create | Villager (Male) |
| 18:07 | Create | Villager (Male) |
| 18:24 | Create | Monk |
| 18:37 | Build | House |
| 18:38 | Build | House |
| 18:39 | Build | House |
| 18:42 | Build | House |
| 18:46 | Create | Villager (Male) |
| 19:17 | Create | Villager (Male) |
| 19:23 | Research | Gold Mining |
| 19:24 | Research | Stone Mining |
| 19:30 | Create | Villager (Male) |
| 19:39 | Build | Farm |
| 19:42 | Build | Farm |
| 19:44 | Build | Farm |
| 19:49 | Create | Villager (Male) |
| 19:49 | Create | Villager (Male) |
| 19:59 | Create | Villager (Male) |
| 20:11 | Build | Barracks |
| 20:48 | Create | Villager (Male) |
| 20:50 | Create | Villager (Male) |
| 20:50 | Create | Villager (Male) |
| 21:14 | Create | Villager (Male) |
| 21:35 | Build | Castle |
| 21:49 | Create | Villager (Male) |
| 21:49 | Create | Villager (Male) |
| 22:07 | Build | Town Center |
| 22:12 | Create | Villager (Male) |
| 22:13 | Create | Villager (Male) |
| 22:13 | Create | Villager (Male) |
| 22:24 | Build | Farm |
| 22:24 | Build | Farm |
| 22:44 | Build | Farm |
| 23:06 | Build | Castle |
| 23:25 | Build | Farm |
| 23:26 | Build | Farm |
| 23:27 | Build | Farm |
| 23:31 | Build | Farm |
| 23:39 | Create | Villager (Male) |
| 23:39 | Create | Villager (Male) |
| 23:44 | Create | Villager (Male) |
| 23:44 | Create | Villager (Male) |
| 23:48 | Create | Villager (Male) |
| 23:49 | Create | Villager (Male) |
| 24:04 | Build | Farm |
| 24:40 | Build | Stable |
| 24:56 | Create | Villager (Male) |
| 24:56 | Create | Villager (Male) |
| 25:05 | Build | Farm |
| 25:06 | Build | Farm |
| 25:09 | Create | Villager (Male) |
| 25:09 | Create | Villager (Male) |
| 25:43 | Build | Mining Camp |
| 25:51 | Create | Villager (Male) |
| 25:54 | Create | Villager (Male) |
| 25:55 | Create | Villager (Male) |
| 25:59 | Create | Villager (Male) |
| 25:59 | Create | Villager (Male) |
| 26:07 | Build | Farm |
| 26:08 | Build | Farm |
| 26:10 | Build | Farm |
| 27:08 | Build | Farm |
| 27:09 | Build | Farm |
| 27:09 | Build | Farm |
| 27:11 | Research | Imperial Age |
| 27:15 | Create | Villager (Male) |
| 27:20 | Create | Villager (Male) |
| 27:20 | Create | Villager (Male) |
| 27:35 | Build | Stable |
| 27:39 | Build | Stable |
| 27:41 | Build | Stable |
| 27:48 | Create | Villager (Male) |
| 27:49 | Create | Villager (Male) |
| 27:49 | Create | Villager (Male) |
| 27:55 | Create | Villager (Male) |
| 27:55 | Create | Villager (Male) |
| 27:55 | Create | Villager (Male) |
| 28:24 | Research | Scale Barding Armor |
| 28:33 | Research | Heavy Plow |
| 28:43 | Build | Lumber Camp |
| 28:53 | Research | Bow Saw |
| 29:09 | Create | Villager (Male) |
| 29:10 | Create | Villager (Male) |
| 29:18 | Build | Farm |
| 29:19 | Build | Farm |
| 29:21 | Build | Farm |
| 29:27 | Build | Farm |
Build order — ^1ι^3ζα^1.
First 150 of 612 actions detected
| 0:04 | Build | House |
| 0:06 | Create | Villager (Male) |
| 0:07 | Create | Villager (Male) |
| 0:07 | Create | Villager (Male) |
| 0:07 | Create | Villager (Male) |
| 0:07 | Create | Villager (Male) |
| 1:18 | Build | House |
| 1:20 | Build | House |
| 1:21 | Build | House |
| 1:44 | Create | Villager (Male) |
| 1:44 | Create | Villager (Male) |
| 2:30 | Create | Villager (Male) |
| 2:31 | Create | Villager (Male) |
| 2:50 | Build | Mill |
| 3:17 | Create | Villager (Male) |
| 3:18 | Create | Villager (Male) |
| 3:18 | Create | Villager (Male) |
| 3:18 | Create | Villager (Male) |
| 4:19 | Create | Villager (Male) |
| 4:19 | Create | Villager (Male) |
| 4:21 | Create | Villager (Male) |
| 5:59 | Create | Villager (Male) |
| 6:00 | Create | Villager (Male) |
| 6:58 | Create | Villager (Male) |
| 6:58 | Create | Villager (Male) |
| 7:50 | Create | Villager (Male) |
| 7:51 | Create | Villager (Male) |
| 8:08 | Build | Lumber Camp |
| 8:31 | Build | Mining Camp |
| 8:36 | Create | Villager (Male) |
| 8:37 | Create | Villager (Male) |
| 8:46 | Build | House |
| 8:47 | Build | House |
| 8:52 | Build | House |
| 8:55 | Build | House |
| 9:15 | Build | Mining Camp |
| 9:38 | Research | Feudal Age |
| 11:27 | Create | Villager (Male) |
| 11:28 | Create | Villager (Male) |
| 11:29 | Create | Villager (Male) |
| 11:48 | Age | Feudal Age |
| 11:55 | Research | Double-Bit Axe |
| 11:58 | Research | Horse Collar |
| 12:12 | Build | House |
| 12:13 | Build | House |
| 12:15 | Build | House |
| 12:23 | Build | Farm |
| 12:25 | Build | Farm |
| 12:28 | Build | Farm |
| 12:33 | Build | Farm |
| 12:48 | Create | Villager (Male) |
| 12:48 | Create | Villager (Male) |
| 12:48 | Create | Villager (Male) |
| 13:35 | Build | Farm |
| 13:38 | Build | Farm |
| 13:40 | Build | Farm |
| 13:44 | Create | Villager (Male) |
| 13:44 | Create | Villager (Male) |
| 13:55 | Build | Blacksmith |
| 14:35 | Build | Farm |
| 14:38 | Build | Farm |
| 14:40 | Build | Farm |
| 14:41 | Build | Farm |
| 14:54 | Create | Villager (Male) |
| 14:55 | Create | Villager (Male) |
| 15:14 | Build | Farm |
| 15:27 | Build | Market |
| 15:39 | Create | Villager (Male) |
| 15:42 | Build | Farm |
| 16:08 | Build | Stone Wall |
| 16:12 | Build | Gate |
| 16:22 | Create | Villager (Male) |
| 16:22 | Create | Villager (Male) |
| 16:25 | Build | Farm |
| 16:28 | Build | Farm |
| 17:05 | Build | Farm |
| 17:19 | Build | Farm |
| 17:50 | Create | Villager (Male) |
| 17:51 | Create | Villager (Male) |
| 17:51 | Create | Villager (Male) |
| 18:19 | Build | Farm |
| 18:21 | Build | Farm |
| 18:22 | Build | Farm |
| 18:23 | Build | Farm |
| 18:25 | Build | Farm |
| 19:19 | Build | Barracks |
| 19:25 | Build | Barracks |
| 19:31 | Research | Castle Age |
| 19:57 | Research | Scale Mail Armor |
| 19:57 | Research | Forging |
| 20:26 | Build | Lumber Camp |
| 21:51 | Build | House |
| 21:53 | Build | House |
| 21:55 | Build | House |
| 21:56 | Build | House |
| 22:11 | Age | Castle Age |
| 22:22 | Build | Town Center |
| 22:25 | Create | Villager (Male) |
| 22:25 | Create | Villager (Male) |
| 22:25 | Create | Villager (Male) |
| 22:26 | Create | Villager (Male) |
| 22:26 | Create | Villager (Male) |
| 22:26 | Create | Villager (Male) |
| 22:26 | Create | Villager (Male) |
| 22:27 | Create | Villager (Male) |
| 22:35 | Build | Siege Workshop |
| 22:38 | Research | Man-at-Arms (upgrade) |
| 22:39 | Research | Pikeman (upgrade) |
| 22:39 | Research | Arson |
| 22:40 | Research | Squires |
| 23:36 | Create | Mangonel |
| 23:36 | Create | Mangonel |
| 24:01 | Build | Siege Workshop |
| 24:08 | Research | Wheelbarrow |
| 24:09 | Research | Loom |
| 24:10 | Create | Villager (Male) |
| 24:11 | Create | Villager (Male) |
| 24:11 | Create | Villager (Male) |
| 24:11 | Create | Villager (Male) |
| 24:11 | Create | Villager (Male) |
| 24:12 | Create | Villager (Male) |
| 24:12 | Create | Villager (Male) |
| 24:53 | Create | Mangonel |
| 25:15 | Build | Gate |
| 26:22 | Research | Long Swordsman (upgrade) |
| 26:27 | Create | Spearman |
| 26:27 | Create | Spearman |
| 26:28 | Create | Spearman |
| 26:28 | Create | Spearman |
| 26:28 | Create | Spearman |
| 26:28 | Create | Spearman |
| 26:29 | Create | Spearman |
| 26:29 | Create | Spearman |
| 26:29 | Create | Spearman |
| 26:29 | Create | Spearman |
| 26:30 | Create | Spearman |
| 26:30 | Create | Spearman |
| 26:30 | Create | Spearman |
| 26:33 | Create | Battering Ram |
| 26:34 | Create | Battering Ram |
| 26:34 | Create | Battering Ram |
| 26:45 | Build | Farm |
| 26:46 | Build | Farm |
| 26:49 | Build | Farm |
| 26:51 | Build | Farm |
| 26:52 | Build | Farm |
| 26:54 | Build | Farm |
| 26:55 | Build | Farm |
| 26:56 | Build | Farm |
| 26:59 | Create | Villager (Male) |
Match timeline
| 9:17 | kayakaya · first_building Barracks |
| 9:33 | dodo · first_building Barracks |
| 10:24 | Pratty · age_up feudal |
| 10:34 | dodo · age_up feudal |
| 10:40 | 250Bhej · age_up feudal |
| 11:04 | Dostoyevski · first_building Barracks |
| 11:10 | superpandaby · first_building Barracks |
| 11:10 | kayakaya · age_up feudal |
| 11:12 | -20 confirm · age_up feudal |
| 11:26 | kayakaya · first_building Stable |
| 11:38 | Dostoyevski · age_up feudal |
| 11:48 | ^1ι^3ζα^1. · age_up feudal |
| 11:51 | superpandaby · age_up feudal |
| 12:30 | Dostoyevski · wall_segment Stone Wall x12 |
| 12:32 | Dostoyevski · wall_segment Stone Wall x1 |
| 12:35 | Dostoyevski · wall_segment Stone Wall x1 |
| 12:44 | Dostoyevski · wall_segment Stone Wall x10 |
| 13:04 | Pratty · first_market_buy 100 food |
| 13:42 | superpandaby · first_building Stable |
| 14:30 | 250Bhej · first_building Barracks |
| 15:06 | dodo · first_building Archery Range |
| 15:31 | 250Bhej · age_up castle |
| 15:37 | Dostoyevski · wall_segment Stone Wall x1 |
| 15:46 | Pratty · age_up castle |
| 15:54 | Pratty · first_building Monastery |
| 15:56 | -20 confirm · first_building Barracks |
| 16:08 | ^1ι^3ζα^1. · wall_segment Stone Wall x33 |
| 16:13 | Dostoyevski · wall_segment Stone Wall x13 |
| 16:18 | 250Bhej · first_building Monastery |
| 16:34 | kayakaya · age_up castle |
| 18:22 | -20 confirm · age_up castle |
| 18:40 | -20 confirm · first_building Castle |
| 18:50 | kayakaya · first_building Monastery |
| 19:19 | ^1ι^3ζα^1. · first_building Barracks |
| 19:33 | dodo · age_up castle |
| 19:37 | kayakaya · first_building Siege Workshop |
| 19:51 | dodo · first_building Castle |
| 20:11 | Pratty · first_building Barracks |
| 20:29 | Dostoyevski · first_market_buy 100 food |
| 21:01 | superpandaby · age_up castle |
| 21:35 | Pratty · first_building Castle |
| 22:03 | superpandaby · first_building Krepost |
| 22:11 | Dostoyevski · first_building Stable |
| 22:11 | ^1ι^3ζα^1. · age_up castle |
| 22:35 | ^1ι^3ζα^1. · first_building Siege Workshop |
| 24:19 | Dostoyevski · age_up castle |
| 24:24 | Dostoyevski · first_building Castle |
| 24:30 | kayakaya · first_building Castle |
| 24:40 | Pratty · first_building Stable |
| 27:42 | dodo · first_building Monastery |
| 27:42 | -20 confirm · first_building Archery Range |
| 28:25 | 250Bhej · first_building Castle |
| 29:19 | 250Bhej · first_market_buy 100 stone |
| 29:25 | ^1ι^3ζα^1. · first_building Castle |
| 30:21 | Pratty · age_up imperial |
| 30:43 | superpandaby · first_building Castle |
| 30:44 | 250Bhej · age_up imperial |
| 30:59 | kayakaya · age_up imperial |
| 31:24 | Dostoyevski · first_market_sell 100 wood |
| 33:22 | superpandaby · age_up imperial |
| 34:15 | dodo · age_up imperial |
| 34:24 | -20 confirm · age_up imperial |
| 37:08 | dodo · first_market_sell 100 wood |
| 39:11 | ^1ι^3ζα^1. · wall_segment Stone Wall x5 |
| 39:15 | ^1ι^3ζα^1. · wall_segment Stone Wall x3 |
| 39:34 | 250Bhej · first_building Stable |
| 39:36 | dodo · first_building Stable |
| 41:01 | -20 confirm · tribute_sent a jugador 1 |
| 41:01 | -20 confirm · tribute_sent a jugador 2 |
| 41:01 | -20 confirm · tribute_sent a jugador 4 |
| 41:01 | -20 confirm · tribute_sent a jugador 5 |
| 41:01 | -20 confirm · tribute_sent a jugador 6 |
| 41:01 | -20 confirm · tribute_sent a jugador 7 |
| 41:01 | -20 confirm · tribute_sent a jugador 8 |
| 41:39 | Dostoyevski · age_up imperial |
| 42:55 | 250Bhej · first_building Siege Workshop |
| 43:15 | ^1ι^3ζα^1. · first_market_sell 100 food |
| 43:18 | ^1ι^3ζα^1. · first_market_buy 100 stone |
| 44:13 | Pratty · tribute_sent a jugador 1 |
| 44:13 | Pratty · tribute_sent a jugador 2 |
| 44:13 | Pratty · tribute_sent a jugador 3 |
| 44:13 | Pratty · tribute_sent a jugador 4 |
| 44:13 | Pratty · tribute_sent a jugador 5 |
| 44:13 | Pratty · tribute_sent a jugador 6 |
| 44:13 | Pratty · tribute_sent a jugador 8 |
| 44:29 | 250Bhej · tribute_sent a jugador 1 |
| 44:29 | 250Bhej · tribute_sent a jugador 2 |
| 44:29 | 250Bhej · tribute_sent a jugador 3 |
| 44:29 | 250Bhej · tribute_sent a jugador 4 |
| 44:29 | 250Bhej · tribute_sent a jugador 6 |
| 44:29 | 250Bhej · tribute_sent a jugador 7 |
| 44:29 | 250Bhej · tribute_sent a jugador 8 |
| 46:55 | Dostoyevski · wall_segment Stone Wall x7 |
| 48:05 | ^1ι^3ζα^1. · age_up imperial |
| 49:08 | 250Bhej · tribute_sent a jugador 1 |
| 49:08 | 250Bhej · tribute_sent a jugador 2 |
| 49:08 | 250Bhej · tribute_sent a jugador 3 |
| 49:08 | 250Bhej · tribute_sent a jugador 4 |
| 49:08 | 250Bhej · tribute_sent a jugador 6 |
| 49:08 | 250Bhej · tribute_sent a jugador 7 |
| 49:08 | 250Bhej · tribute_sent a jugador 8 |
| 53:25 | Dostoyevski · wall_segment Stone Wall x1 |
| 53:25 | Dostoyevski · wall_segment Stone Wall x2 |
| 53:26 | Dostoyevski · wall_segment Stone Wall x1 |
| 53:27 | Dostoyevski · wall_segment Stone Wall x1 |
| 53:29 | Dostoyevski · wall_segment Stone Wall x1 |
| 53:33 | Dostoyevski · wall_segment Stone Wall x7 |
| 53:38 | Dostoyevski · wall_segment Stone Wall x5 |
| 54:45 | -20 confirm · tribute_sent a jugador 1 |
| 54:45 | -20 confirm · tribute_sent a jugador 2 |
| 54:45 | -20 confirm · tribute_sent a jugador 4 |
| 54:45 | -20 confirm · tribute_sent a jugador 5 |
| 54:45 | -20 confirm · tribute_sent a jugador 6 |
| 54:45 | -20 confirm · tribute_sent a jugador 7 |
| 54:45 | -20 confirm · tribute_sent a jugador 8 |
| 57:32 | Pratty · tribute_sent a jugador 1 |
| 57:32 | Pratty · tribute_sent a jugador 2 |
| 57:32 | Pratty · tribute_sent a jugador 3 |
| 57:32 | Pratty · tribute_sent a jugador 4 |
| 57:32 | Pratty · tribute_sent a jugador 5 |
| 57:32 | Pratty · tribute_sent a jugador 6 |
| 57:32 | Pratty · tribute_sent a jugador 8 |
| 59:22 | Pratty · tribute_sent a jugador 1 |
| 59:22 | Pratty · tribute_sent a jugador 2 |
| 59:22 | Pratty · tribute_sent a jugador 3 |
| 59:22 | Pratty · tribute_sent a jugador 4 |
| 59:22 | Pratty · tribute_sent a jugador 5 |
| 59:22 | Pratty · tribute_sent a jugador 6 |
| 59:22 | Pratty · tribute_sent a jugador 8 |
| 59:23 | 250Bhej · tribute_sent a jugador 1 |
| 59:23 | 250Bhej · tribute_sent a jugador 2 |
| 59:23 | 250Bhej · tribute_sent a jugador 3 |
| 59:23 | 250Bhej · tribute_sent a jugador 4 |
| 59:23 | 250Bhej · tribute_sent a jugador 6 |
| 59:23 | 250Bhej · tribute_sent a jugador 7 |
| 59:23 | 250Bhej · tribute_sent a jugador 8 |
| 60:46 | 250Bhej · wall_segment Stone Wall x1 |
| 60:47 | 250Bhej · wall_segment Stone Wall x1 |
| 60:49 | 250Bhej · wall_segment Stone Wall x4 |
| 64:05 | Pratty · tribute_sent a jugador 1 |
| 64:05 | Pratty · tribute_sent a jugador 2 |
| 64:05 | Pratty · tribute_sent a jugador 3 |
| 64:05 | Pratty · tribute_sent a jugador 4 |
| 64:05 | Pratty · tribute_sent a jugador 5 |
| 64:05 | Pratty · tribute_sent a jugador 6 |
| 64:05 | Pratty · tribute_sent a jugador 8 |
| 65:27 | Dostoyevski · first_building Monastery |
| 65:58 | 250Bhej · first_market_sell 100 food |
| 66:06 | Dostoyevski · first_building Archery Range |
| 67:02 | -20 confirm · tribute_sent a jugador 1 |
| 67:02 | -20 confirm · tribute_sent a jugador 2 |
| 67:02 | -20 confirm · tribute_sent a jugador 4 |
| 67:02 | -20 confirm · tribute_sent a jugador 5 |
| 67:02 | -20 confirm · tribute_sent a jugador 6 |
| 67:02 | -20 confirm · tribute_sent a jugador 7 |
| 67:02 | -20 confirm · tribute_sent a jugador 8 |
| 67:59 | 250Bhej · first_building Archery Range |
| 68:46 | kayakaya · first_market_sell 100 food |
| 69:10 | Pratty · first_market_sell 500 wood |
| 69:35 | 250Bhej · wall_segment Stone Wall x7 |
| 69:41 | 250Bhej · wall_segment Stone Wall x7 |
| 71:24 | -20 confirm · first_market_sell 500 food |
| 73:36 | Pratty · first_building Siege Workshop |
| 76:56 | 250Bhej · resign |
[ AI ANALYSIS · 1 CREDIT ]
What really happened in this match?
Wolo.gg analyzes every decision: build order, eco, micro, common mistakes by bracket. Personalized analysis on WhatsApp or Discord in 30 seconds.
Civ guide
Ethiopians
Map guide
Arena
Perfil
Jugador #799129